 Dungeon Sprint DCSS version 0.22-a0-389-g8519d86 (webtiles) character file.

5641 raistware the Zephyrmancer (level 10, -15/69 HPs)
             Began as a Demigod Air Elementalist on Apr 30, 2018.
             Killed by the air
             ... invoked by a spriggan air mage
              (20 damage)
             ... in the Dungeon (Sprint V: "Ziggurat Sprint").
             The game lasted 00:30:46 (1706 turns).

raistware the Zephyrmancer (DgAE)                   Turns: 1706, Time: 00:30:47

Health: -15/69     AC:  4    Str: 11    XL:     10   Next: 22%
Magic:  30/30      EV: 13    Int: 37    God:
Gold:   0          SH:  8    Dex: 16    Spells: 2/33 levels left

rFire    . . .     SeeInvis .   Q - staff of air
rCold    . . .     Gourm    .   D - +3 buckler
rNeg     . . .     Faith    .   K - +2 robe {MR+}
rPois    .         Spirit   .   (no helmet)
rElec    +         Reflect  .   (no cloak)
rCorr    .         Harm     .   (no gloves)
MR       ++...     NoTele   +   (no boots)
Stlth    ++........             (no amulet)
HPRegen  0.21/turn              w - +6 ring of intelligence
MPRegen  0.22/turn              x - +6 ring of intelligence

@: very slightly contaminated, studying Fire Magic
A: high mp 1
a: no special abilities


You were in the Dungeon.
You were not hungry.

You visited 1 branch

Inventory:

Hand Weapons
 q - the +4 scythe of Awkamil {flame, Int+8}
   (You took it off an efreet in the Dungeon)

   It has been specially enchanted to burn those struck by it, causing extra
   injury to most foes and up to half again as much damage against particularly
   susceptible opponents.
   Big, fiery blades are also staple armaments of hydra-hunters.
   It affects your intelligence (+8).
 E - the +8 lance "Wyrmbane" {slay drac, rPois rF+ rC+ AC+3}
   (You found it in the Dungeon)

   It affects your AC (+3).
   It protects you from fire.
   It protects you from cold.
   It protects you from poison.
 F - the +7 great mace "Firestarter" {inner flame, rF++}
   (You found it in the Dungeon)

   It has been specially enchanted to burn those struck by it, causing extra
   injury to most foes and up to half again as much damage against particularly
   susceptible opponents.
   It greatly protects you from fire.
 P - a +9 blowgun
Armour
 D - a +3 buckler (worn)
 K - a +2 robe of magic resistance (worn)
Magical Staves
 l - an uncursed staff of summoning
 H - an uncursed staff of fire
 I - an uncursed staff of earth
 Q - an uncursed staff of air (weapon)
Jewellery
 a - an uncursed ring of see invisible
 v - a +6 ring of dexterity
 w - a +6 ring of intelligence (left hand)
 x - a +6 ring of intelligence (right hand)
 y - a +6 ring of strength
 J - the ring of Suyny {rC++ Dex+2}
   (You found it in the Dungeon)

   [ring of dexterity]

   It affects your dexterity (+2).
   It greatly protects you from cold.
 L - an uncursed ring of wizardry
Wands
 A - a wand of disintegration (7)
 B - a wand of iceblast (6)
 C - a wand of acid (7)
Scrolls
 i - 2 scrolls of blinking
 o - 4 scrolls of amnesia
 p - 5 scrolls of fog
 r - 5 scrolls of identify
 s - 5 scrolls of remove curse
 t - 2 scrolls of fear
Potions
 b - 2 potions of brilliance
 d - 10 potions of curing
 e - 3 potions of heal wounds
 f - 8 potions of haste
 g - 6 potions of magic
 h - a potion of berserk rage
 j - a potion of invisibility
 k - 3 potions of resistance
 m - 6 potions of agility
 n - 5 potions of might
Books
 R - a manual of Fire Magic
Miscellaneous
 G - a phial of floods (inert)
 M - a lightning rod (4/4)
 N - a lamp of fire (inert)
 O - a crystal ball of energy
Comestibles
 c - 7 rations
 u - 4 chunks of flesh


   Skills:
 - Level 3.1 Dodging
 - Level 2.9 Stealth
 - Level 4.5 Shields
 - Level 12.0 Spellcasting
 - Level 11.0 Conjurations
 - Level 6.0 Summonings
 * Level 13.3 Air Magic


You had 2 spell levels left.
You knew the following spells:

 Your Spells              Type           Power        Failure   Level  Hunger
a - Shock                 Conj/Air       ####         0%          1    None
b - Swiftness             Chrm/Air       #######.     1%          2    None
c - Static Discharge      Conj/Air       ########     1%          3    None
d - Airstrike             Air            ########..   1%          4    None
e - Lightning Bolt        Conj/Air       ########..   1%          5    None
f - Summon Butterflies    Summ           ######..     1%          1    None
g - Mephitic Cloud        Conj/Pois/Air  #######.     1%          3    None
h - Conjure Flame         Conj/Fire      ######..     1%          3    None
i - Tornado               Air            ########..   100%        9    #######


Dungeon Overview and Level Annotations

Branches:
Dungeon (1/1)

Annotations:
D 1 transporter


Innate Abilities, Weirdness & Mutations

You have an increased reservoir of magic. (+10% MP)


Message History

You kill the spriggan air mage!
Blink to where?
Press: ? - help, Dir - move target cursor You are very lightly contaminated with residual magic.
As you read the scroll of blinking, it crumbles to dust.
The winds around the air elemental start to calm down.
Your spriggan air mage dies!
Your spriggan air mage's corpse shimmers and vanishes!
The insubstantial wisp gives a chilling moan.
The insubstantial wisp is destroyed!
The winds around the air elemental start to calm down.
The storm dragon is engulfed in blazing flames.
Found five items.
Found a transporter.
Blink to where?
Press: ? - help, Dir - move target cursor
As you read the scroll of blinking, it crumbles to dust.
You float gracefully downwards.
The spriggan air mage waves its arms in wide circles.
The air twists around and strikes you!
You die...

▓...).....▓..).)..▓
▓...).....▓.......▓
▓.........▓.......▓
▓...).....▓.......▓
▓....)....▓.......▓
▓...))....▓.▓...▓)▓
▓....©....▓...©...▓
▓▓▓▓▓▓▓▓▓▓▓▓▓▓▓▓▓▓▓▓▓
▓...8@8...▓...8©8...▓
▓..)§[[)§.▓..[..[...▓
▓§.:§=):..▓...|.)[..▓
▓..§§§§§§§▓.........▓
▓.§≈§§§§§§▓..†.÷....▓
▓..k§§§§§§▓....)÷...▓
▓.§§§DEE§§▓...).....▓
▓.§i§CD§§§▓.▓.))..▓.▓
▓.▓§§§§§▓§▓....©....▓


You could see a titan, 2 storm dragons, a wind drake, a spriggan air mage and 2
air elementals.

Vanquished Creatures
  A spriggan air mage (D)
  2 hell hogs (D)
  A spriggan druid (D)
  An efreet (D)
  A blink frog (D)
  A hornet (D)
  4 spriggans (D)
  A basilisk (D)
  A fire elemental (D)
  2 hell hounds (D)
  2 porcupines (D)
  2 necrophages (D)
  3 phantoms (D)
  2 black bears (D)
  3 wolves (D)
  An orc warrior (D)
  3 bullfrogs (D)
  A wight (D)
  4 orc priests (D)
  4 orc wizards (D)
  An adder skeleton (D)
  3 adder zombies (D)
  2 orcs (D)
  A bat skeleton (D)
  2 bat zombies (D)
  A jackal (D)
  A leopard gecko skeleton (D)
51 creatures vanquished.

Vanquished Creatures (collateral kills)
  A hell hog (D)
  2 spriggans (D)
  2 black bears (D)
5 creatures vanquished.

Vanquished Creatures (others)
  A spatial maelstrom (D)
  2 insubstantial wisps (D)
3 creatures vanquished.

Grand Total: 59 creatures vanquished

Notes
Turn   | Place    | Note
-------+----------+-------------------------------------------
     0 | D        | Found the +6 Majin-Bo {vamp, Archmagi MP+6 Int+6}
     0 | D        | Found the +7 great mace "Firestarter" {inner flame, rF++}
     0 | D        | raistware the Demigod Air Elementalist began the quest for the Orb.
     0 | D        | Reached XP level 1. HP: 14/14 MP: 5/5
     0 | D        | Found a deep blue altar of Sif Muna.
     0 | D        | Found a sacrificial altar of Ru.
     0 | D        | Found a bloodstained altar of Trog.
     0 | D        | Found a stormy altar of Qazlal.
     0 | D        | Found an iron altar of Okawaru.
     0 | D        | Found a sparkling altar of Nemelex Xobeh.
     0 | D        | Found a blossoming altar of Fedhas.
     2 | D        | Found a transporter.
     2 | D        | Found an ancient bone altar of Kikubaaqudgha.
     2 | D        | Found a viscous altar of Jiyva.
     2 | D        | Found a corrupted altar of Lugonu.
     2 | D        | Found a hazy altar of Hepliaklqana.
     2 | D        | Found a burning altar of Makhleb.
     2 | D        | Found an opulent altar of Gozag.
     3 | D        | Banished a spatial maelstrom
    19 | D        | Found the +9 heavy crossbow "Sniper" {velocity, Acc+∞ SInv}
    19 | D        | Found the +10 dark maul {crush}
    19 | D        | Found the +15 Maxwell's patent armour {-Cast -Tele rElec MR+ rCorr}
    19 | D        | Found the +18 shield of the Gong {rElec rN+ MR+ EV-5}
    19 | D        | Found the cursed +14 obsidian axe {chop, +Fly SInv *Curse}
    20 | D        | Found the +6 shillelagh "Devastator" {shatter}
    20 | D        | Found the +11 plutonium sword {*Contam Stlth-}
    20 | D        | Found the +8 lance "Wyrmbane" {slay drac, rPois rF+ rC+ AC+3}
    20 | D        | Found the +9 sword of Zonguldrok {reap}
    20 | D        | Found the cursed +13 scythe of Curses {drain, *Curse}
    20 | D        | Found the +0 sword of Power
    20 | D        | Found the +4 mace of Variability {chaos}
    20 | D        | Found the +7 Singing Sword
    20 | D        | Found the +7 longbow "Piercer" {penet, EV-2}
    73 | D        | Reached XP level 2. HP: 20/20 MP: 6/12
   123 | D        | Entered arena 2.
   123 | D        | Noticed a bullfrog
   123 | D        | Noticed a bullfrog
   123 | D        | Found a transporter.
   131 | D        | Killed a bullfrog
   131 | D        | Reached skill level 1 in Shields
   131 | D        | Reached skill level 3 in Air Magic
   131 | D        | Reached XP level 3. HP: 8/26 MP: 12/14
   133 | D        | Killed a bullfrog
   133 | D        | Reached skill level 4 in Air Magic
   133 | D        | Reached XP level 4. HP: 3/33 MP: 13/16
   175 | D        | Learned a level 2 spell: Swiftness
   179 | D        | Learned a level 3 spell: Static Discharge
   184 | D        | Learned a level 4 spell: Airstrike
   395 | D        | Entered arena 3.
   395 | D        | Found a transporter.
   398 | D        | Reached XP level 5. HP: 35/38 MP: 4/18
   502 | D        | Learned a level 5 spell: Lightning Bolt
   589 | D        | Entered arena 4.
   589 | D        | Noticed a phantom
   589 | D        | Noticed a phantom
   589 | D        | Noticed a necrophage
   589 | D        | Found a transporter.
   603 | D        | Killed a necrophage
   603 | D        | Reached skill level 5 in Air Magic
   608 | D        | Killed a phantom
   608 | D        | Reached skill level 5 in Conjurations
   608 | D        | Reached skill level 6 in Air Magic
   608 | D        | Reached XP level 6. HP: 19/45 MP: 19/21
   634 | D        | Learned a level 1 spell: Summon Butterflies
   638 | D        | Learned a level 3 spell: Mephitic Cloud
   642 | D        | Learned a level 3 spell: Conjure Flame
   694 | D        | Entered arena 5.
   694 | D        | Found a transporter.
   716 | D        | Reached skill level 7 in Air Magic
   721 | D        | Got the ring of Suyny {rC++ Dex+2}
   792 | D        | Entered arena 6.
   792 | D        | Noticed a spriggan
   792 | D        | Noticed a spriggan
   792 | D        | Found a transporter.
   793 | D        | Found the cursed necklace of Bloodlust {*Rage +Rage MR++ Int-3 Slay+6 *Curse}
   810 | D        | Reached XP level 7. HP: 42/50 MP: 6/23
   814 | D        | Killed a spriggan
   815 | D        | Killed a spriggan
   815 | D        | Reached skill level 8 in Air Magic
   836 | D        | Got the Compendium of Ice and Talismans
   942 | D        | Entered arena 7.
   942 | D        | Noticed a blink frog
   942 | D        | Noticed a basilisk
   953 | D        | Killed a basilisk
   953 | D        | Reached skill level 10 in Spellcasting
   953 | D        | Reached XP level 8. HP: 37/57 MP: 22/26
   956 | D        | Reached skill level 9 in Air Magic
   966 | D        | Killed a blink frog
   968 | D        | Found a transporter.
   979 | D        | Got the amulet "Faijal" {+Rage Str+2}
  1139 | D        | Entered arena 8.
  1140 | D        | Found a transporter.
  1183 | D        | Entered arena 9.
  1183 | D        | Noticed a hell hog
  1183 | D        | Noticed an efreet
  1183 | D        | Noticed a hell hog
  1183 | D        | Noticed a hell hog
  1184 | D        | Reached skill level 1 in Summonings
  1187 | D        | Killed a hell hog
  1187 | D        | Reached skill level 10 in Air Magic
  1187 | D        | Reached XP level 9. HP: 59/62 MP: 21/28
  1187 | D        | Killed an efreet
  1187 | D        | Reached skill level 10 in Conjurations
  1187 | D        | Reached skill level 11 in Air Magic
  1191 | D        | Killed a hell hog
  1193 | D        | Killed a hell hog
  1197 | D        | Reached skill level 5 in Summonings
  1199 | D        | Found a transporter.
  1204 | D        | Got the +4 scythe of Awkamil {flame, Int+8}
  1242 | D        | Entered arena 10.
  1243 | D        | Found a transporter.
  1246 | D        | Reached skill level 12 in Air Magic
  1291 | D        | Got the Catalogue of the Butterfly
  1577 | D        | Learned a level 9 spell: Tornado
  1578 | D        | Entered arena 11.
  1578 | D        | Noticed a spriggan rider
  1578 | D        | Noticed a spriggan druid
  1583 | D        | Killed a spriggan druid
  1583 | D        | Reached XP level 10. HP: 69/69 MP: 19/30
  1592 | D        | Reached skill level 13 in Air Magic
  1596 | D        | Found a transporter.
  1626 | D        | Got the Handbook of Execration and Stones
  1699 | D        | Entered arena 12.
  1699 | D        | Noticed a titan
  1699 | D        | Noticed a spriggan air mage
  1699 | D        | Noticed a storm dragon
  1700 | D        | Noticed a storm dragon
  1702 | D        | HP: 1/69 [spriggan air mage/the air (22)]
  1703 | D        | Noticed a spriggan air mage
  1704 | D        | Killed a spriggan air mage
  1705 | D        | Found a transporter.
  1706 | D        | Found the +7 lajatang of Order {silver, rMut}
  1706 | D        | Killed from afar by a spriggan air mage

Vault maps used:
D:        sprint_v

Skill      XL: |  1  2  3  4  5  6  7  8  9 10 |
---------------+-------------------------------+-----
Spellcasting   | 6 7 8 9 10 11 12 | 12.0
Dodging        | 2 3 |  3.1
Stealth        | 2 |  2.9
Shields        | 1 3 4 |  4.5
Conjurations   | 2 3 5 6 8 9 10 11 | 11.0
Air Magic      | 3 4 6 7 8 10 12 13 | 13.3
Summonings     | 3 5 6 |  6.0

Action                   |  1- 3 |  4- 6 |  7- 9 | 10-12 || total
-------------------------+-------+-------+-------+-------++-------
Melee: Lance             |     7 |    50 |    44 |     6 ||   107
 Cast: Shock             |     1 |     1 |    10 |     1 ||    13
       Airstrike         |       |     6 |     1 |     1 ||     8
       Swiftness         |       |     1 |       |       ||     1
       Mephitic Cloud    |       |     1 |     6 |       ||     7
       Conjure Flame     |       |     1 |     1 |       ||     2
       Summon Butterflie |       |       |     1 |       ||     1
       Lightning Bolt    |       |       |    12 |     3 ||    15
       Static Discharge  |       |       |     1 |       ||     1
Evoke: Phial of floods   |       |       |     3 |     2 ||     5
       Wand              |       |       |     1 |       ||     1
       Lamp of fire      |       |       |       |     1 ||     1
       Phantom mirror    |       |       |       |     1 ||     1
  Use: Potion            |     2 |     4 |     7 |     2 ||    15
       Scroll            |       |       |     3 |     2 ||     5
  Eat: Chunk             |       |       |     2 |     1 ||     3
Armor: Robe              |     1 |     5 |     8 |     1 ||    15
Dodge: Dodged            |    10 |    30 |    17 |     6 ||    63
Block: Buckler           |       |     9 |    17 |     2 ||    28

Table legend:
 A = Spawn XP
 B = Non-spawn XP
 C = Spawn XP percentage of total XP
 D = Spawn monster count
 E = Non-spawn monster count
 F = Spawn count percentage of total count
 G = Total turns spent on level
                    A         B        C        D         E        F      G
               +---------+---------+-------+---------+---------+-------+---------
         Total |       0 |    8044 |   0.0 |       0 |      57 |   0.0 |  1706
               +---------+---------+-------+---------+---------+-------+---------
             D |       0 |    8044 |   0.0 |       0 |      57 |   0.0 |  1706
               +---------+---------+-------+---------+---------+-------+---------
